[Event "Team 45 45 League T29"]
[Site "Free Internet Chess Server"]
[Date "PST.01.0"]
[Round "3"]
[White "Nemisis"]
[Black "muschem"]
[Result "1-0"]
[WhiteElo "1867"]
[BlackElo "1782"]
[TimeControl "2700+45"]

1. e4 c6 2. d4 d5 3. exd5 cxd5 4. Bd3 Nc6 5. c3 Nf6 6. Bf4 Bg4 7. Qb3 Qc8 8. Nd2 g6 9. Ngf3 Bg7 10. Ne5 O-O 11. h3 Bd7 12. O-O a6 13. Rfe1 Re8 14. Re3 Na7 15. Rae1 e6 16. Ndf3 Bb5 17. Bb1 Re7 18. a4 Bc6 19. Bd3 Qe8 20. a5 Ba4 21. Qa3 Rc8 22. Ng5 Nh5 23. Bh2 f6 24. Nxg6 hxg6 25. Bxg6 Qxg6 26. Qxe7 Re8 27. Qxb7 fxg5 28. Qxa7 Bb5 29. Qb6 Kh7 30. Rxe6 Rxe6 31. Qxe6 Qc2 32. Qf7 Nf6 33. Be5 Qd2 34. Bxf6 Qxe1+ 35. Kh2   {Black resigns} 1-0

[Event "Team 45 45 League T29"]
[Site "Free Internet Chess Server"]
[Date "PST.01.0"]
[Round "3"]
[White "dzonson"]
[Black "mandragora"]
[Result "1/2-1/2"]
[WhiteElo "1825"]
[BlackElo "1806"]
[TimeControl "2700+45"]

1. d4 Nf6 2. Nf3 g6 3. c4 Bg7 4. Nc3 d5 5. e3 O-O 6. Qc2 Bf5 7. Qb3 dxc4 8. Qxb7 Nbd7 9. Bxc4 Nb6 10. Be2 Qd6 11. Qa6 c5 12. O-O Ne4 13. Nxe4 Bxe4 14. Rd1 Qc7 15. Qa5 cxd4 16. exd4 Rfd8 17. Be3 Rac8 18. Rac1 Qd7 19. Qd2 e6 20. Bg5 Re8 21. Bh6 Bh8 22. h4 Bd5 23. h5 Bxa2 24. hxg6 hxg6 25. Qf4 Nd5 26. Qe4 Bb3 27. Ne5 Qe7 28. Rxc8 Rxc8 29. Re1 Bc2 30. Bd3 Bxd3 31. Qxd3 Bg7 32. Bxg7 Kxg7 33. Qf3 Qf6 34. Qb3 Qf4 35. Nf3 Rc1 36. Rxc1 Qxc1+ 37. Kh2 Qh6+ 38. Kg1 Qc1+ 39. Kh2 Qh6+   {Game drawn by mutual agreement} 1/2-1/2

[Event "Team 45 45 League T29"]
[Site "Free Internet Chess Server"]
[Date "PST.01.0"]
[Round "3"]
[White "aacevedo"]
[Black "sonareclipse"]
[Result "1-0"]
[WhiteElo "2087"]
[BlackElo "1995"]
[TimeControl "2700+45"]

1. d4 d5 2. c4 c5 3. Nf3 e6 4. cxd5 exd5 5. Nc3 Nc6 6. g3 Nf6 7. Bg2 Be7 8. O-O O-O 9. Bg5 Be6 10. dxc5 Bxc5 11. Bxf6 Qxf6 12. Nxd5 Qxb2 13. Nc7 Rad8 14. Qc1 Qxc1 15. Raxc1 Be7 16. Nxe6 fxe6 17. Rfd1 h6 18. Bh3 Kf7 19. Rb1 b6 20. Kf1 Bc5 21. Nd2 Ke7 22. Ne4 Rxf2+ 23. Nxf2 Rf8 24. e3 Bxe3 25. Rb2 Ne5 26. Kg2 Nc4 27. Re2 Bxf2 28. Rxe6+   {Black resigns} 1-0

[Event "Team 45 45 League T29"]
[Site "Free Internet Chess Server"]
[Date "PST.01.0"]
[Round "3"]
[White "maeck"]
[Black "gracey"]
[Result "0-1"]
[WhiteElo "1938"]
[BlackElo "2005"]
[TimeControl "2700+45"]

1. Nf3 c5 2. e4 Nc6 3. Nc3 e6 4. d4 cxd4 5. Nxd4 Qc7 6. g3 d6 7. Bg2 Bd7 8. O-O Nf6 9. Bg5 Ne5 10. Qe2 Qb6 11. Nb3 Be7 12. h3 O-O 13. Be3 Qc7 14. f4 Nc4 15. Bd4 e5 16. Bf2 Nxb2 17. Nd5 Nxd5 18. exd5 Na4 19. fxe5 Nc3 20. Qd3 Bb5 21. Qf5 Bxf1 22. exd6 Bxd6 23. Rxf1 Bxg3 24. Nd4 Rae8 25. Qg4 Bxf2+ 26. Rxf2 Re1+ 27. Rf1 Rxf1+ 28. Bxf1 Nxd5 29. Nf5 Qc5+ 30. Kh1 g6 31. Bg2 Nf6 32. Nh6+ Kg7 33. Qf4 Qxc2 34. a3 Rc8   {White resigns} 0-1

[Event "Team 45 45 League T29"]
[Site "Free Internet Chess Server"]
[Date "2006.01.12"]
[Round "3"]
[White "SerhiyFranchuk"]
[Black "Thalagor"]
[Result "1/2-1/2"]
[WhiteElo "2042"]
[BlackElo "1903"]
[TimeControl "2700+45"]

1. e4 d6 2. d4 Nf6 3. Nc3 g6 4. Nf3 Bg7 5. e5 dxe5 6. Nxe5 O-O 7. Bc4 Nfd7 8. Nxd7 Bxd7 9. O-O Nc6 10. Be3 e5 11. d5 Ne7 12. Bg5 Kh8 13. d6 cxd6 14. Qxd6 Nf5 15. Qd2 f6 16. Rad1 Bc6 17. Qxd8 Raxd8 18. Bc1 Nd4 19. Rd2 f5 20. Ne2 Nxe2+ 21. Bxe2 Rxd2 22. Bxd2 Be4 23. c4 Rd8 24. Bc3 Kg8 25. Rd1 Rxd1+ 26. Bxd1 Bd3 27. Bb3 e4 28. c5+ Kf8 29. Bb4 Ke8 30. Bd5 Ba6 31. Ba3 Bd4 32. b4 Bc3 33. c6 bxc6 34. Bxc6+ Kd8 35. b5 Kc7 36. Bc5 Bb7 37. Be8 a6 38. b6+ Kd8 39. Bf7 f4 40. Be6 a5 41. Bc4 Kd7 42. Bb5+ Ke6 43. Bc4+ Kf5 44. Kf1 f3 45. Be3 Ke5 46. gxf3 exf3 47. Kg1 Bd4 48. Bg8 Bxe3 49. fxe3 h6 50. Kf2 g5 51. Bb3 Kd6 52. Bd1 g4 53. Bc2 Kc5 54. Bf5 h5 55. Bg6 Kxb6 56. Bxh5 Bc8 57. Bf7 Kc5 58. e4 Kd4 59. Bg6 Be6 60. a3 Bd7 61. Bh7 Bc8 62. Bg6 Be6 63. Bh7 Bd7   {Game drawn by mutual agreement} 1/2-1/2

[Event "Team 45 45 League T29"]
[Site "Free Internet Chess Server"]
[Date "PST.01.0"]
[Round "3"]
[White "Doubleletter"]
[Black "RomaLavrn"]
[Result "1/2-1/2"]
[WhiteElo "1826"]
[BlackElo "1882"]
[TimeControl "2700+45"]

1. e4 c5 2. Nf3 d6 3. d4 cxd4 4. Qxd4 Nf6 5. Bg5 g6 6. Bxf6 exf6 7. Nc3 Nc6 8. Bb5 Bd7 9. Qd3 a6 10. Bc4 Ne5 11. Nxe5 dxe5 12. Rd1 Be6 13. Nd5 Be7 14. Qb3 Qa5+ 15. c3 b5 16. Be2 Bxd5 17. Qxd5 O-O 18. O-O Rad8 19. Qb7 Rfe8 20. Rxd8 Bxd8 21. Rd1 Qxa2 22. Qc8 Qa5 23. c4 Rf8 24. c5 Qc7 25. Qxa6 Qxc5 26. Qxb5 Qxb5 27. Bxb5 Ba5 28. Ra1 Bd2 29. b3 Rb8 30. Bc4 Rb7 31. Kf1 f5 32. Rd1 Bc3 33. Rd3 Bd4 34. exf5 gxf5 35. f4 Ra7 36. fxe5 Bxe5 37. h3 Kg7 38. b4 Ra4 39. Rb3 Bd6 40. Bd3 Rxb4 41. Rxb4 Bxb4   {Game drawn by mutual agreement} 1/2-1/2

[Event "Team 45 45 League T29"]
[Site "Free Internet Chess Server"]
[Date "PST.01.0"]
[Round "3"]
[White "noHz"]
[Black "Pawns"]
[Result "1-0"]
[WhiteElo "1894"]
[BlackElo "1803"]
[TimeControl "2700+45"]

1. e4 e5 2. Nf3 Nc6 3. Bb5 a6 4. Ba4 Nf6 5. O-O b5 6. Bb3 Bb7 7. Qe2 Bc5 8. c3 d6 9. Rd1 Qe7 10. d4 Bb6 11. Bg5 exd4 12. cxd4 O-O 13. e5 dxe5 14. dxe5 Rae8 15. Re1 Nd4 16. Nxd4 Bxd4 17. Bxf6 gxf6 18. Qg4+ Kh8 19. Qxd4 fxe5 20. Qe3   {Black resigns} 1-0

[Event "Team 45 45 League T29"]
[Site "Free Internet Chess Server"]
[Date "2006.01.15"]
[Round "3"]
[White "TGV"]
[Black "jestrada"]
[Result "0-1"]
[WhiteElo "1772"]
[BlackElo "1794"]
[TimeControl "2700+45"]

1. d4 d5 2. c4 c6 3. Nc3 Nf6 4. e3 e6 5. cxd5 exd5 6. Nf3 Bd6 7. Be2 Qe7 8. O-O O-O 9. h3 Bf5 10. Nh4 Be6 11. Nf3 Nbd7 12. a3 Rfe8 13. Bd3 Rad8 14. b4 a6 15. Bb2 Bb8 16. Qc2 Nb6 17. Ng5 g6 18. Nf3 Bc8 19. Rfe1 Ne4 20. Nb1 f6 21. Nbd2 Nxd2 22. Nxd2 Qc7 23. Nf3 Re6 24. g3 Rde8 25. Kg2 Rxe3 26. Rxe3 Rxe3 27. Ne5 fxe5 28. fxe3 e4 29. Bf1 Bxh3+ 30. Kh1 Qxg3 31. Bxh3 Qxh3+ 32. Kg1 Qxe3+ 33. Qf2 Qg5+ 34. Qg2 Bf4 35. Rf1 Nc4 36. Bc3 Qxg2+   {White resigns} 0-1

[Event "Team 45 45 League T29"]
[Site "Free Internet Chess Server"]
[Date "PST.01.0"]
[Round "3"]
[White "GadsHill"]
[Black "MGoo"]
[Result "0-1"]
[WhiteElo "1694"]
[BlackElo "1832"]
[TimeControl "2700+45"]

1. d4 Nf6 2. c4 e6 3. Nc3 Bb4 4. Qc2 O-O 5. a3 Bxc3+ 6. Qxc3 Ne4 7. Qc2 f5 8. Nf3 b6 9. g3 Bb7 10. Bg2 Nc6 11. O-O Qf6 12. Rd1 d6 13. b3 Rae8 14. Bb2 Qg6 15. Nd2 Ne7 16. f3 Nxd2 17. Rxd2 f4 18. Qxg6 Nxg6 19. Kf2 e5 20. d5 Ne7 21. g4 Bc8 22. b4 g6 23. c5 h5 24. cxd6 cxd6 25. h3 Bb7 26. gxh5 gxh5 27. h4 Nf5 28. Bh3 Nxh4 29. Be6+ Kg7 30. Rc2 Bc8 31. Rc7+ Kf6 32. Bxc8 Rxc8 33. Rac1 Rxc7 34. Rxc7 Nf5 35. Rxa7 h4 36. Kg2 Rg8+ 37. Kh3 Rg3+ 38. Kh2 Ne3 39. Rh7 Rg2+ 40. Kh1 Rxe2 41. Rh6+ Ke7 42. Bxe5 dxe5 43. Re6+ Kd7 44. Rxe5 Nf1 45. Rxe2 Ng3+ 46. Kg2 Nxe2 47. Kh3 Kd6 48. Kxh4 Kxd5 49. a4 Kc4 50. a5 bxa5 51. bxa5 Kb5 52. a6 Kxa6 53. Kg4 Kb5 54. Kf5 Kc4 55. Ke4 Kc3 56. Kf5 Kd3 57. Kg5 Ke3 58. Kg4 Ng1   {White resigns} 0-1

[Event "Team 45 45 League T29"]
[Site "Free Internet Chess Server"]
[Date "PST.01.0"]
[Round "3"]
[White "Galleta"]
[Black "fernbap"]
[Result "0-1"]
[WhiteElo "1607"]
[BlackElo "1746"]
[TimeControl "2700+45"]

1. b3 e5 2. Bb2 Nc6 3. e3 d5 4. Bb5 Bd6 5. Qh5 g6 6. Qe2 Ne7 7. f4 Bd7 8. Bxc6 Nxc6 9. Nf3 Bg4 10. h3 Bxf3 11. Qxf3 e4 12. Qd1 Qh4+ 13. Kf1 Rg8 14. Nc3 Ne7 15. Nb5 Nf5 16. Nxd6+ cxd6 17. Qe1 Ng3+ 18. Kg1 g5 19. Bf6 h6 20. Kh2 Nxh1 21. Qxh4 gxh4 22. Rxh1 Rg6 23. Bxh4 f5 24. a4 Kd7 25. Rg1 Rag8 26. Be1 Rc8 27. c3 h5 28. Bh4 a5 29. Bg5 Kc6 30. Kg3 Rg7 31. Kh4 Rh7 32. Ra1 Kd7 33. Bf6 Ke6 34. Bd4 Rg8 35. Rg1 Kd7 36. Bb6 Ra8 37. g3 Kc6 38. Bd4 b5 39. Ra1 Rg8 40. Bf6 Rh6 41. Bg5 Rh7 42. axb5+ Kxb5 43. Ra4 Ra8 44. Rd4 Kc5 45. b4+ axb4 46. Rxb4 Ra2 47. Rd4 Ra1 48. Bf6 Rg1 49. Ra4 Rg2 50. Ra6 Rd7 51. Bd4+ Kc4 52. Ra4+ Kd3 53. Ra5 Rxd2 54. Rxd5 Re2 55. Rxf5 Rxe3 56. Rxh5 Rf3 57. Kg4 Kc4 58. Ra5 Rf1 59. f5 Kd3 60. Kg5 e3 61. Bxe3 Kxe3 62. g4 Kd3 63. Kf6 Rh7 64. g5 Rxh3 65. g6 Rg3 66. Rd5+ Ke4 67. Rxd6 Rxf5+ 68. Kg7 Rxc3 69. Rd8 Rg3 70. Ra8 Kf4 71. Ra4+ Kg5 72. Ra6 Kh5 73. Kh8 Rxg6 74. Kh7 Rxa6   {White resigns} 0-1

[Event "Team 45 45 League T29"]
[Site "Free Internet Chess Server"]
[Date "2006.01.10"]
[Round "3"]
[White "fismoluni"]
[Black "twotowers"]
[Result "1-0"]
[WhiteElo "1673"]
[BlackElo "1664"]
[TimeControl "2700+45"]

1. e4 d6 2. d4 Nf6 3. Nc3 g6 4. Nf3 Bg7 5. Bf4 O-O 6. Qd2 Nbd7 7. h3 Re8 8. O-O-O b6 9. Bh6 Bb7 10. Bd3 c5 11. d5 a6 12. Bxg7 Kxg7 13. Be2 b5 14. g4 b4 15. g5 bxc3 16. gxf6+ exf6 17. Qxc3 Rxe4 18. Bc4 Nb6 19. Bb3 a5 20. a3 c4 21. Ba2 Bxd5 22. h4 Rf4 23. Rh3 Qd7 24. Rg3 Re8 25. h5 Bxf3 26. Rxf3 Rxf3 27. Qxf3 d5 28. h6+ Kg8 29. Qxf6   {Black resigns} 1-0

[Event "Team 45 45 League T29"]
[Site "Free Internet Chess Server"]
[Date "PST.01.0"]
[Round "3"]
[White "RFFISCHER"]
[Black "FusterCluck"]
[Result "0-1"]
[WhiteElo "1593"]
[BlackElo "1734"]
[TimeControl "2700+45"]

1. d4 d5 2. c4 Nc6 3. Nf3 Bg4 4. e3 e6 5. Bd2 Nf6 6. h3 Bxf3 7. gxf3 Qd7 8. Qb3 b6 9. cxd5 Nxd5 10. a3 Be7 11. Rg1 g6 12. e4 Nxd4 13. Qc4 Nxf3+ 14. Kd1 Nxg1 15. exd5 Qxd5 16. Qxc7 Bf6 17. Bc4 Qf3+ 18. Kc2 O-O 19. Nc3 Rfc8 20. Qd7 Rxc4 21. Rxg1 Qxf2 22. Rd1 Rac8 23. Kb1 Qf5+ 24. Ka1 Bxc3 25. bxc3 R4c7 26. Qd4 Qd5 27. Qf6 Qf5 28. Bg5 Qxf6 29. Bxf6 Kf8 30. Kb2 Ke8 31. h4 Rd7 32. Re1 Rd2+ 33. Kb3 Rh2 34. Rd1 b5 35. Rd6 Rf2 36. Bd4 Rf4 37. Bxa7 Rxh4 38. Rb6 Rhc4 39. Rxb5 Rxc3+ 40. Kb4 Rc1 41. Ka5 h5 42. Rg5 h4 43. Rg4 h3 44. Rh4 R1c3 45. a4 Rb3 46. Ka6 Ke7 47. a5 Kf6 48. Bb6 Kg5 49. Rh7 f5 50. Kb7 Rxb6+ 51. axb6 Rc4 52. Rxh3 Kg4 53. Rb3 f4 54. Ka6 f3 55. b7 f2 56. b8=Q f1=Q 57. Qg3+ Kh5 58. Rb5+ Rc5 59. Qh2+ Kg4 60. Qb2 Qxb5+   {White resigns} 0-1

[Event "Team 45 45 League T29"]
[Site "Free Internet Chess Server"]
[Date "PST.01.0"]
[Round "3"]
[White "DreadPirateJosh"]
[Black "xplan"]
[Result "1-0"]
[WhiteElo "1683"]
[BlackElo "1520"]
[TimeControl "2700+45"]

1. e4 e5 2. Nf3 Nc6 3. Bb5 a6 4. Ba4 d6 5. h3 b5 6. Bb3 Na5 7. Nc3 Nxb3 8. axb3 Nf6 9. d3 Be7 10. O-O O-O 11. Bg5 b4 12. Bxf6 bxc3 13. Bxe7 Qxe7 14. bxc3 c6 15. Re1 Bb7 16. d4 Rfd8 17. Qd2 exd4 18. cxd4 Qf6 19. c3 h6 20. Qc2 Qg6 21. Qd2 Re8 22. e5 Bc8 23. Kf1 a5 24. exd6 Rxe1+ 25. Rxe1 Bd7 26. Ne5 Qxd6 27. Nxd7 Qxd7 28. Qe3 Kf8 29. Kg1 a4 30. bxa4 Rxa4 31. Rb1 Ra8 32. Qg3 Qd8 33. Qf3 Qc7 34. d5 c5 35. d6 Qd8 36. Qd5 Ra5 37. Rb7 Qf6 38. Rb8+   {Black resigns} 1-0